 Dungeon Crawl Stone Soup version 0.31.0-2-g5a2aebc5c2 (webtiles) character file.

Game seed: 18040355331381273070

1381 tilp the Cleaver (level 8, -3/73 HPs)
             Began as a Minotaur Berserker on Jan 20, 2024.
             Was a Priest of Trog.
             Slain by a gnoll
             ... wielding a +0 spear
              (8 damage)
             ... on level 6 of the Dungeon.
             The game lasted 00:05:47 (3752 turns).

tilp the Cleaver (Minotaur Berserker)               Turns: 3752, Time: 00:05:47

Health: -3/73      AC:  8    Str: 23    XL:     8   Next: 39%
Magic:  7/7        EV: 10    Int:  4    God:    Trog [***...]
Gold:   47         SH:  0    Dex: 11    Spells: 7/7 levels left

rFire   . . .        a - +0 war axe
rCold   . . .        (no shield)
rNeg    . . .        r - +0 chain mail
rPois   +            (helmet restricted)
rElec   .            (no cloak)
rCorr   .            (no gloves)
SInv    .            (no boots)
Will    .....        k - amulet of Vitality {RegenMP++ Regen++} Stlth
                     e - ring of poison resistance
HPRegen 1.92/turn    (no ring)
MPRegen 0.90/turn

%: no passive effects
@: on berserk cooldown, slowed, very slow
A: horns 2, retaliatory headbutt
a: Renounce Religion, Berserk, Trog's Hand


You were on level 6 of the Dungeon.
You worshipped Trog.
Trog was most pleased with you.
You visited 1 branch of the dungeon, and saw 6 of its levels.

You collected 138 gold pieces.
You spent 91 gold pieces at shops.

Inventory:

Hand Weapons
 a - a +0 war axe (weapon)
 b - a +1 hand axe
Missiles
 c - 2 datura-tipped darts (quivered)
 h - 10 javelins
 t - 2 poisoned darts
 u - 12 boomerangs
Armour
 r - a +0 chain mail (worn)
Jewellery
 e - a ring of poison resistance (left hand)
 k - the amulet of Vitality (around neck) {RegenMP++ Regen++}
   (You acquired it on level 4 of the Dungeon)

   [amulet of magic regeneration]

   RegenMP:   It increases your rate of magic regeneration.
   Regen++:   It increases your rate of health regeneration.
Scrolls
 n - 2 scrolls of teleportation
 q - a scroll of identify
 v - a scroll of revelation
Potions
 d - a potion of curing
 f - a potion of haste
 g - 2 potions of heal wounds
 i - 2 potions of enlightenment
 j - a potion of ambrosia
 l - a potion of brilliance {unknown}
 m - a potion of might {unknown}
 o - a potion of invisibility {unknown}
 p - a potion of resistance {unknown}
 s - a potion of lignification {unknown}


   Skills:
 + Level 7.0 Fighting
 * Level 9.3 Axes
 - Level 2.4 Armour
 + Level 5.9 Dodging
 - Level 2.0 Stealth


You had 7 spell levels left.
You didn't know any spells.
Your spell library was empty.

Dungeon Overview and Level Annotations

Branches:
Dungeon (6/15)
 Temple: D:4-7

Altars:
Cheibriados
Fedhas
Ru
Vehumet
The Shining One

Shops:
D:5 *

Annotations:
D:1 1 transporter
D:6 Pikel, Prince Ribbit


Innate Abilities, Weirdness & Mutations

You have a pair of horns on your head.
You reflexively headbutt those who attack you in melee.


Message History

You hit Pikel. You headbutt Pikel!
Pikel is severely wounded.
You barely miss the lemure. The lemure closely misses you.
Pikel hits you with a +0 whip of flaming.
Pikel burns you.
The gnoll hits you from afar with a +0 spear!
You barely miss Pikel.
Pikel is severely wounded.
You closely miss the lemure.
Prince Ribbit blinks!
The lemure hits you but does no damage.
Pikel hits you with a +0 whip of flaming!
* * * LOW HITPOINT WARNING * * *
Pikel burns you.
* * * LOW HITPOINT WARNING * * *
The gnoll hits you but does no damage. The gnoll barely misses you.
Pikel barely misses you. The lemure hits you.
* * * LOW HITPOINT WARNING * * *
You hit Pikel.
Pikel is almost dead.
You barely miss the lemure. The gnoll hits you but does no damage.
The lemure hits you but does no damage. Pikel hits you but does no damage.
You barely miss Pikel.
Pikel is almost dead.
You slash the lemure! The lemure hits you.
* * * LOW HITPOINT WARNING * * *
A gnoll comes into view.
It is wielding a +0 club and quivering a throwing net.
Pikel hits you with a +0 whip of flaming!
* * * LOW HITPOINT WARNING * * *
Pikel burns you.
* * * LOW HITPOINT WARNING * * *
The gnoll hits you from afar with a +0 spear.
* * * LOW HITPOINT WARNING * * *
The gnoll completely misses you. The lemure hits you but does no damage.
Pikel hits you with a +0 whip of flaming!
* * * LOW HITPOINT WARNING * * *
Pikel burns you.
* * * LOW HITPOINT WARNING * * *
Prince Ribbit blinks!
The gnoll hits you from afar with a +0 spear!
You die...

.......... .....#
#<.....⌠. ..⌠...
#...... ......
#....# .####.
#....# # #....### #
##......##
....#####...###..##
...g.F5K@.###
##..### ....#.g####
##...# . ##. ###.#
#. #.# #. #.## #.
#..## .. ##..## ..
##..# ##.#


You could see Prince Ribbit, Pikel, a lemure and 2 gnolls.

Vanquished Creatures
  2 black bears
  An ogre (D:6)
  A phantom (D:4)
  3 lemures (D:6)
  Blork the orc (D:6)
  2 scorpions (D:5)
  2 jellies
  7 hounds
  5 orc priests
  3 iguanas
  Jessica (D:3)
  A sleepcap (D:5)
  4 orc wizards (D:4)
  2 gnolls (D:6)
  7 adders
  2 white imps (D:6)
  2 ufetubi (D:5)
  4 dart slugs
  5 ribbon worms
  23 orcs
  5 endoplasms
  3 giant cockroaches
  6 goblins
  3 hobgoblins
  2 quokkas
  11 ball pythons
  4 bats
  3 frilled lizards (D:1)
  2 kobolds
  6 rats
123 creatures vanquished.

Notes
Turn   | Place    | Note
-------+----------+-------------------------------------------
     0 | D:1      | tilp the Minotaur Berserker began the quest for the Orb.
     0 | D:1      | Reached XP level 1. HP: 19/19 MP: 0/0
   112 | D:1      | Reached skill level 4 in Axes
   112 | D:1      | Reached XP level 2. HP: 24/27 MP: 1/1
   148 | D:1      | Found a faded altar of an unknown god.
   914 | D:2      | Reached XP level 3. HP: 22/33 MP: 2/2
   999 | D:2      | Reached skill level 1 in Stealth
  1438 | D:2      | Found Dezxun's Magic Scroll Shoppe.
  1777 | D:3      | Found a snail-covered altar of Cheibriados.
  1777 | D:3      | Noticed Jessica
  1782 | D:3      | Reached XP level 4. HP: 34/40 MP: 3/3
  1786 | D:3      | Killed Jessica
  1939 | D:3      | Found a blossoming altar of Fedhas.
  2117 | D:4      | Reached skill level 5 in Axes
  2129 | D:4      | Identified a scroll of acquirement
  2129 | D:4      | Acquired the amulet of Vitality {RegenMP++ Regen++}
  2129 | D:4      | Found the amulet of Vitality {RegenMP++ Regen++}
  2227 | D:4      | Noticed a phantom
  2236 | D:4      | Killed a phantom
  2237 | D:4      | Reached XP level 5. HP: 47/47 MP: 4/4
  2252 | D:4      | Reached ** piety under Trog
  2334 | D:4      | Reached XP level 6. HP: 19/55 MP: 5/5
  2367 | D:4      | Reached skill level 5 in Fighting
  2367 | D:4      | Reached skill level 6 in Axes
  2648 | D:4      | Found a sacrificial altar of Ru.
  2662 | D:4      | Reached XP level 7. HP: 61/61 MP: 6/6
  2674 | D:4      | Reached skill level 7 in Axes
  2783 | D:4      | Found a glowing golden altar of the Shining One.
  2982 | D:5      | Entered Level 5 of the Dungeon
  2987 | D:5      | Found Ycaulaw's General Store.
  3021 | D:5      | Bought a scroll of identify for 28 gold pieces
  3021 | D:5      | Bought a +0 chain mail for 63 gold pieces
  3173 | D:5      | Reached *** piety under Trog
  3174 | D:5      | Reached skill level 5 in Dodging
  3185 | D:5      | Reached skill level 8 in Axes
  3386 | D:5      | Reached XP level 8. HP: 70/71 MP: 7/7
  3607 | D:6      | Noticed Blork the orc
  3613 | D:6      | Killed Blork the orc
  3643 | D:6      | Found a radiant altar of Vehumet.
  3646 | D:6      | Found the +6 shillelagh "Devastator" {shatter}
  3668 | D:6      | Reached skill level 9 in Axes
  3731 | D:6      | Noticed Prince Ribbit
  3737 | D:6      | Noticed Pikel
  3751 | D:6      | HP: 3/73 [Pikel/+0 whip of flaming (8)]
  3752 | D:6      | Slain by a gnoll

Illustrated notes

Levels and vault maps discovered:
D:1:      spicycebolla_arrival_risky_transporter, layout_basic,
          shapermc_ecumenical_altar_acropolis, chequers_serial_rivers_small_3
D:2:      layout_loops_ring, serial_shops, nicolae_shop_rolled_up, st_stairs_3
D:3:      layout_rooms, mainiacjoe_overflow_paths,
          mainiacjoe_overflow_cross_hatched, uniq_jessica
D:4:      layout_loops_cross, nicolae_ru_great_annihilating_truth,
          kennysheep_little_box
D:5:      layout_basic, serial_shops, shop
D:6:      layout_rooms, mainiacjoe_overflow_boulevard,
          minmay_temple_entry_junction, uniq_menkaure, uniq_blork_the_orc,
          uniq_pikel, uniq_prince_ribbit1

Skill      XL: |  1  2  3  4  5  6  7  8 |
---------------+-------------------------+-----
Axes           | 4 5 6 8 9 |  9.3
Fighting       | 4 5 6 7 |  7.0
Stealth        | 1 2 |  2.0
Dodging        | 3 4 5 |  5.9
Armour         | |  2.4

Action                     |  1- 3 |  4- 6 |  7- 9 || total
---------------------------+-------+-------+-------++-------
  Melee: Hand axe          |    86 |   109 |    23 ||   218
         Headbutt          |     3 |    13 |    32 ||    48
         Punch             |       |     1 |     2 ||     3
         War axe           |       |       |   113 ||   113
 Invoke: Berserk           |       |     3 |     1 ||     4
    Use: Scroll            |     7 |     1 |     7 ||    15
   Stab: Paralysed         |       |     1 |       ||     1
 Armour: Animal skin       |    22 |       |       ||    22
         Ring mail         |    19 |    78 |    12 ||   109
         Chain mail        |       |       |    95 ||    95
  Dodge: Dodged            |    47 |    41 |    69 ||   157
